 Dungeon Crawl Stone Soup version 0.29-a0-982-gaed3a0c8d8 (webtiles) character file.

Game seed: 7429765085483718303

101094 Sobieck the Unseen (level 16, -3/89 (91) HPs)
             Began as a Vine Stalker Brigand on Aug 1, 2022.
             Was the Champion of Uskayaw.
             Slain by an orc warlord
             ... wielding a +5 halberd of flaming
              (16 damage)
             ... on level 2 of the Orcish Mines.
             The game lasted 01:00:07 (20579 turns).

Sobieck the Unseen (Vine Stalker Brigand)          Turns: 20579, Time: 01:00:08

HP:   -3/89 (91)    AC: 25    Str: 20    XL:     16   Next: 29%
MP:   0/36          EV: 17    Int:  8    God:    Uskayaw [******]
Gold: 2428          SH:  6    Dex: 26    Spells: 15/15 levels left

rFire   . . .      SeeInvis +   a - +3 short sword (elec) {short}
rCold   + . .      Faith    +   r - +0 buckler
rNeg    . . .      Spirit   +   B - +7 ring mail "Ryschohusk" {rC+ Str+6 Int-3 Dex+2}
rPois   +          Reflect  .   S - +0 mask of the Dragon {Will+ Slay+3 SInv}
rElec   .          Harm     .   s - +2 cloak {rPois}
rCorr   .          Rampage  .   K - +1 pair of gloves {infuse}
Will    +++..                   j - +2 pair of boots {Fly}
Stlth   ++++++....              I - amulet of faith {!P}
HPRegen 1.04/turn               F - +4 ring of protection
MPRegen 0.25/turn               Z - ring of magical power

@: flying, lightly drained
A: fangs 3, regeneration 1, magic shield, antimagic bite, no potion heal 2
a: Renounce Religion, Stomp, Line Pass, Grand Finale


You were on level 2 of the Orcish Mines.
You worshipped Uskayaw.
Uskayaw was pleased with you.
You visited 4 branches of the dungeon, and saw 23 of its levels.
You also visited: Gauntlet.

You collected 3009 gold pieces.
You spent 581 gold pieces at shops.


Innate Abilities, Weirdness & Mutations

You have razor-sharp teeth.
Your natural rate of healing is unusually fast.
When hurt, damage is shared between your health and your magic reserves.
Your bite disrupts and absorbs the magic of your enemies.
Potions cannot restore your health.


   Skills:
 + Level 13.5 Fighting
 - Level 12.0 Short Blades
 - Level 1.7 Throwing
 - Level 5.0 Armour
 - Level 8.0 Dodging
 + Level 15.0 Stealth
 + Level 3.8 Shields
 + Level 14.6 Invocations


You had 15 spell levels left.
You didn't know any spells.
Your spell library contained the following spells:

 Spells                   Type           Power      Damage    Failure   Level
 Sandblast                Erth           0%         2d4       67%         1
 Slow                     Hex            0%         N/A       67%         1
 Sting                    Tmut/Pois      0%         1d3       67%         1
 Passwall                 Tmut/Erth      0%         N/A       80%         2
 Poisonous Vapours        Pois/Air       0%         N/A       80%         2
 Confusing Touch          Hex            0%         N/A       95%         3
 Gell's Gravitas          Tloc           0%         N/A       95%         3
 Ozocubu's Armour         Ice            0%         N/A       95%         3
 Stone Arrow              Conj/Erth      0%         3d7       95%         3
 Teleport Other           Tloc           0%         N/A       95%         3
 Vampiric Draining        Necr           0%         2d6       95%         3
 Olgreb's Toxic Radiance  Pois           0%         N/A       100%        4
 Fireball                 Conj/Fire      0%         3d3       100%        5
 Iskenderun's Battlesphe  Conj           0%         2d6       100%        5
 Metabolic Englaciation   Hex/Ice        0%         N/A       100%        5
 Yara's Violent Unravell  Hex/Tmut       0%         3d3       100%        5
 Conjure Ball Lightning   Conj/Air       0%         3x3d6     100%        6
 Dispersal                Tloc           0%         N/A       100%        6
 Eringya's Noxious Bog    Tmut/Pois      0%         N/A       100%        6
 Simulacrum               Ice/Necr       0%         N/A       100%        6
 Statue Form              Tmut/Erth      0%         N/A       100%        6
 Enfeeble                 Hex            0%         N/A       100%        7
 Orb of Destruction       Conj           0%         9d5       100%        7

Inventory:

Hand Weapons
 a - a +3 short sword of electrocution (weapon) {short}
   (You took it off a kobold on level 7 of the Dungeon)
 b - a +0 sling
   (You found it on level 5 of the Dungeon)
 n - the +9 long sword "Killer Klown's Foe" {flame, Drain rF+ rN+ Will+++, long}
   (You found it on level 11 of the Dungeon)

   It burns those it strikes, dealing additional fire damage.
   Big, fiery blades are also staple armaments of hydra-hunters.
   rF:        It protects you from fire.
   rN:        It protects you from negative energy.
   Drain:     It drains your maximum health when unequipped.
   Will:      It greatly increases your willpower.
Missiles
 c - 6 silver javelins {throwing}
 d - 28 poisoned darts (quivered) {throwing}
 m - 5 throwing nets {=f!fthrowing}
 o - 10 atropa-tipped darts {throwing}
 t - 3 boomerangs of dispersal {=f!fthrowing}
 A - 13 boomerangs {throwing}
 G - 7 silver boomerangs {throwing}
 H - a curare-tipped dart {=fthrowing}
 O - 12 javelins {throwing}
Armour
 j - a +2 pair of boots of flying (worn)
   (You found it on level 1 of the Dungeon)
 l - a +2 kite shield
   (You found it on level 2 of the Orcish Mines)
 r - a +0 buckler (worn)
   (You took it off a tengu conjurer on level 15 of the Dungeon)
 s - a +2 cloak of poison resistance (worn)
   (You found it on level 2 of the Dungeon)
 B - the +7 ring mail "Ryschohusk" (worn) {rC+ Str+6 Int-3 Dex+2}
   (You found it on level 9 of the Dungeon)

   Str:       It affects your strength (+6).
   Int:       It affects your intelligence (-3).
   Dex:       It affects your dexterity (+2).
   rC:        It protects you from cold.
 K - a +1 pair of gloves of infusion (worn)
   (You found it on level 2 of the Lair of Beasts)
 S - the +0 mask of the Dragon (worn) {Will+ Slay+3 SInv}
   (You bought it in a shop on level 13 of the Dungeon)

   Slay:      It affects your accuracy & damage with ranged weapons and melee
   (+3).
   SInv:      It lets you see invisible.
   Will:      It increases your willpower.
Jewellery
 F - a +4 ring of protection (left hand)
   (You found it on level 7 of the Dungeon)
 I - an amulet of faith (around neck) {!P}
   (You found it in a Gauntlet)
 Y - a ring of protection from cold
   (You found it on level 1 of the Lair of Beasts)
 Z - a ring of magical power (right hand)
   (You found it in a Gauntlet)
Wands
 v - a wand of paralysis (25)
   (You found it on level 4 of the Dungeon)
 D - a wand of light (3)
   (You found it on level 2 of the Lair of Beasts)
 E - a wand of flame (45)
   (You found it on level 7 of the Dungeon)
 M - a wand of polymorph (2)
   (You found it on level 15 of the Dungeon)
 P - a wand of roots (14)
   (You found it on level 5 of the Dungeon)
 W - a wand of mindburst (13)
   (You found it on level 13 of the Dungeon)
 X - a wand of digging (6)
   (You found it on level 2 of the Lair of Beasts)
Scrolls
 g - 4 scrolls of magic mapping {!r}
 h - 2 scrolls of fog
 i - 7 scrolls of blinking {!r}
 y - a scroll of vulnerability {!r!r}
 L - a scroll of summoning
 N - 3 scrolls of brand weapon
 Q - 7 scrolls of teleportation {@r4}
 T - 8 scrolls of identify {@r1}
 V - 6 scrolls of fear
Potions
 f - 8 potions of curing {@q1}
 p - 5 potions of lignification {!q}
 u - 2 potions of haste {@q3}
 w - 7 potions of ambrosia
 x - 2 potions of magic
 z - 3 potions of resistance
 C - 2 potions of invisibility
 J - 6 potions of mutation {!q}
 R - 3 potions of might
Miscellaneous
 k - a lightning rod (4/4)
   (You found it on level 9 of the Dungeon)
 q - a phantom mirror
   (You found it on level 5 of the Lair of Beasts)
 U - a tin of tremorstones (2/2) {throwing}
   (You found it on level 12 of the Dungeon)

Dungeon Overview and Level Annotations

Branches:
Dungeon (15/15) Zot: 25727  Temple (1/1) D:7 Zot: 5874    Lair (5/5) D:10 Zot: 24724
 Shoals (0/4) Lair:2       Spider (0/4) Lair:2        Slime (0/5) Lair:4
    Orc (2/2) D:12 Zot: 10910     Elf (0/3) Orc:2        Vaults (0/5) D:14
 Depths (0/4) D:15        Gauntlet (visited)

Altars:
Ashenzari
Cheibriados
Dithmenos
Elyvilon
Fedhas
Gozag
Hepliaklqana
Kikubaaqudgha
Makhleb
Nemelex Xobeh
Okawaru
Qazlal
Ru
Sif Muna
Trog
Uskayaw
Vehumet
Wu Jian
Xom
Yredelemnul
Zin
The Shining One

Shops:
D:4 !:   D:7 [   D:13 [

Portals:
Trove: D:12 (give 5 potions of resistance)

Annotations:
D:14 3 runed translucent doors, Nozufem's ghost, journeyman MiAr
Orc:1 1 transporter

.................o
.....##.......##..
...###.........###
.###.....8.8.....#
#...).).).......
#.......)........
#........#o).#....
#........##8o8##...
.....o####.o@o.#
....## #...o...#
...# #.........#
#..8._.8..#
#.........#
##.......##
##.....## ##8.8##


You could see an orc warlord, 2 orc warriors, an orc priest (strong) and an orc
(strong).


Message History

The orc priest shouts!
You puncture the orc priest! You bite the orc priest!
You kill the orc priest!
You puncture the orc!
You kill the orc!
The orc no longer looks unusually strong.
The orc warrior no longer looks unusually strong.
The orc warrior barely misses you.
You hit the orc. You bite the orc.
You kill the orc!
The orc warrior throws a boomerang.
The boomerang closely misses you.
The orc warrior hits you with a +0 war axe!
The orc hits you but does no damage. The orc warrior completely misses you.
The orc warlord roars a battlecry!
The orcs go into a battle-frenzy!
Items here: ( )))))) [[[[[ ††.
You hit the orc warrior but do no damage.
You bite the orc warrior! You drain its power.
You feel invigorated. The orc warrior completely misses you.
The orc hits you with a +0 dagger. You block the orc warrior's attack.
The orc warlord hits you from afar with a +5 halberd of flaming!
The orc warlord burns you.
You are too injured to fight recklessly!
You are too injured to fight recklessly!
You are too injured to fight recklessly!
You are too injured to fight recklessly!
You completely miss the orc warrior. Your bite misses the orc warrior.
You hit the orc warrior.
Lightning courses through the orc warrior!
The orc warrior throws a boomerang.
The boomerang barely misses you.
The orc warrior hits you with a +0 war axe!
The orc barely misses you. The orc warrior closely misses you.
The orc warlord roars a battlecry!
The orc priest goes into a battle-frenzy!
You hit the orc warrior but do no damage.
Lightning courses through the orc warrior!
You bite the orc warrior. You drain its power.
You feel invigorated.
You hit the orc warrior.
You kill the orc warrior!
The orc warrior no longer looks unusually strong.
The orc warrior barely misses you. The orc hits you but does no damage.
The orc warrior hits you with a +0 long sword!
The orc warlord roars a battlecry!
The orc warrior goes into a battle-frenzy!
You block the orc's attack. The orc warrior completely misses you.
The orc warlord hits you but does no damage.
Things that are here:
a +0 war axe {axe}; a +0 chain mail; an orc corpse You hit the orc warlord but do no damage.
Your bite misses the orc warlord.
You hit the orc warlord but do no damage.
Lightning courses through the orc warlord!
You block the orc warrior's attack. The orc hits you but does no damage.
The orc warrior misses you.
The orc warlord hits you but does no damage.
The orc priest calls down the wrath of Beogh upon you.
Beogh smites you!
You puncture the orc warlord!
You bite the orc warlord, but do no damage.
The orc warrior closely misses you. The orc hits you but does no damage.
The orc warrior closely misses you. You block the orc warlord's attack.
You hit the orc warlord.
Lightning courses through the orc warlord!
Your bite misses the orc warlord.
The orc warrior no longer looks unusually strong.
Unknown command.
You hit the orc warlord.
Lightning courses through the orc warlord!
You bite the orc warlord! You drain its power.
You feel invigorated.
The orc warrior throws a boomerang.
You block the boomerang. You block the orc's attack.
The orc warrior misses you.
The orc warlord roars a battlecry!
The orc warrior goes into a battle-frenzy!
You hit the orc warlord but do no damage.
Lightning courses through the orc warlord!
You bite the orc warlord, but do no damage.
You puncture the orc warlord! You block the orc warrior's attack.
The orc hits you but does no damage. The orc warrior misses you.
The orc warlord barely misses you. The orc priest misses you.
You hit the orc warlord but do no damage.
You bite the orc warlord, but do no damage.
You hit the orc warlord. You bite the orc warlord. You drain its power.
You feel invigorated. The orc warrior misses you.
The orc hits you but does no damage.
The orc warrior hits you with a +0 long sword!!
* * * LOW HITPOINT WARNING * * *
The orc warlord hits you with a +5 halberd of flaming!!
* * * LOW HITPOINT WARNING * * *
The orc warlord burns you!
* * * LOW HITPOINT WARNING * * *
The orc priest closely misses you.
Unknown command.
You barely miss the orc priest. You bite the orc priest. You drain its power.
You feel invigorated.
You hit the orc warlord but do no damage.
You bite the orc warlord, but do no damage.
The orc warrior misses you. The orc hits you but does no damage.
You block the orc warrior's attack.
The orc warlord hits you with a +5 halberd of flaming!!
You die...

Skill      XL: |  1  2  3  4  5  6  7  8  9 10 11 12 13 14 15 16 |
---------------+-------------------------------------------------+-----
Short Blades   | 2 3 4 5 6 8 9 11 12 | 12.0
Dodging        | 1 2 3 4 5 6 7 8 |  8.0
Stealth        | 5 6 7 8 9 11 13 14 15 | 15.0
Fighting       | 2 3 4 5 6 7 8 11 13 | 13.5
Invocations    | 2 5 6 9 10 13 14 | 14.6
Armour         | 2 4 5 |  5.0
Shields        | 2 3 |  3.8
Throwing       | |  1.7

Action                   |  1- 3 |  4- 6 |  7- 9 | 10-12 | 13-15 | 16-18 || total
-------------------------+-------+-------+-------+-------+-------+-------++-------
Melee: Dagger            |   100 |    96 |   137 |       |       |       ||   333
       Bite              |    22 |    26 |    85 |   154 |   316 |    61 ||   664
       Punch             |     1 |     1 |     3 |     4 |     5 |       ||    14
       Short sword       |       |       |   130 |   433 |   757 |   195 ||  1515
 Fire: Sling             |       |       |    49 |    16 |    17 |       ||    82
Throw: Dart              |       |     5 |     2 |     6 |       |       ||    13
Invok: Grand Finale      |       |       |       |       |     1 |       ||     1
  Use: Scroll            |       |    12 |     5 |    11 |     5 |       ||    33
       Potion            |       |       |       |     1 |       |       ||     1
 Stab: Sleeping          |    21 |    10 |     7 |    13 |    41 |    24 ||   116
       Distracted        |       |       |     1 |     1 |     4 |     2 ||     8
       Paralysed         |       |       |     4 |    32 |    77 |    19 ||   132
       Petrified         |       |       |       |       |     2 |       ||     2
Armor: Robe              |    37 |    28 |    27 |       |       |       ||    92
       Scale mail        |       |       |    81 |    26 |       |       ||   107
       Ring mail         |       |       |       |   180 |   307 |    42 ||   529
       Skin              |       |       |       |    42 |       |       ||    42
Dodge: Dodged            |    51 |    28 |   114 |   247 |   456 |    74 ||   970
Block: Buckler           |       |       |       |       |    83 |    28 ||   111

Levels and vault maps discovered:
D:1:      tarquinn_simple_flora_water_e, layout_loops_ring,
          shapermc_ecumenical_altar_hornbeckon
D:2:      layout_basic, basic_altar, minmay_rat_gold_closets
D:3:      layout_loops_ring, general_overflow_altar,
          nicolae_overflow_ecumenical_swirl, hangedman_decor_push
D:4:      layout_basic, serial_shops, shop_fountains, shop
D:5:      layout_rooms, serial_bayou, serial_bayou_lagoon_a,
          serial_bayou_pond_a, serial_bayou_crossing, serial_bayou_ford_a
D:6:      layout_rooms
D:7:      layout_gridville, minmay_temple_entry_nine_rooms, serial_shops,
          kennysheep_mini, kennysheep_generic_room_6
D:8:      layout_loops_ring, mainiacjoe_overflow_alcove_2
D:9:      layout_irregular_city
D:10:     layout_roguey, kennysheep_mini_moat, lemuel_doored_altar,
          mainiacjoe_overflow_alcove_3, david_lair_generic
D:11:     layout_long_grid, grunt_ministairs_9, nicolae_wwwww, uniq_harold
D:12:     layout_irregular_city, orc_0_dummy, nicolae_trove_entry_path_of_doom
D:13:     layout_roguey, gauntlet_entry_generic, serial_shops, shop_statue,
          uniq_urug, uniq_lodul, uniq_snorg
D:14:     layout_grid_maze, lightli_vaults_fourway_checkpoint,
          columned_hall_lemuel, gammafunk_ghost_necromancy
D:15:     grunt_enter_depths_magical_seal, layout_loops_corners,
          grunt_dithmenos_shadows
Temple:   cyrus_circular_temple
Lair:1:   layout_roguey
Lair:2:   layout_chaotic_city, elwin_shoals_entry_rocks,
          hellmonk_spider_entry_not_the_bees, uniq_prince_ribbit2
Lair:3:   layout_hall_layers, st_stairs_3, chequers_serial_rivers_micro_b,
          evilmike_ambush [evilmike_ambush_outer_doors,
          evilmike_ambush_inner_basic], infiniplex_staircase_pool,
          uniq_gastronok
Lair:4:   layout_hall_layers, nicolae_slime_entry_slimehenge,
          grunt_megastairs_3, serial_bayou_shore_a
Lair:5:   hangedman_lair_in_review, layout_hall_layers, wormcave
Orc:1:    gammafunk_beogh_shrine, layout_diamond_mine
Orc:2:    pubby_orc_utopia

Notes
Turn   | Place    | Note
-------+----------+-------------------------------------------
     0 | D:1      | Sobieck the Vine Stalker Brigand began the quest for the
                  | Orb.
     0 | D:1      | Reached XP level 1. HP: 11/11 MP: 2/2
   108 | D:1      | You add the spells Gell's Gravitas, Teleport Other and
                  | Dispersal to your library.
   239 | D:1      | Found a faded altar of an unknown god.
   382 | D:1      | Reached skill level 2 in Short Blades
   470 | D:1      | Reached skill level 1 in Dodging
   470 | D:1      | Reached XP level 2. HP: 15/15 MP: 3/3
   498 | D:1      | Reached skill level 5 in Stealth
   541 | D:1      | Reached skill level 2 in Fighting
   923 | D:2      | Found a glowing silver altar of Zin.
  1012 | D:2      | Reached XP level 3. HP: 14/18 MP: 4/4
  1868 | D:3      | Found a broken altar of Ashenzari.
  1980 | D:3      | Gained mutation: Your natural rate of healing is unusually
                  | fast. [Vine Stalker growth]
  1980 | D:3      | Reached XP level 4. HP: 22/23 MP: 5/5
  2209 | D:3      | Found a faded altar of an unknown god.
  2308 | D:3      | Reached skill level 3 in Short Blades
  2308 | D:3      | Found a hazy altar of Hepliaklqana.
  2545 | D:4      | Reached XP level 5. HP: 27/27 MP: 6/6
  2855 | D:4      | Found Xaru's Distillery.
  2864 | D:4      | Bought a potion of invisibility for 80 gold pieces
  2888 | D:4      | You are sucked into a shaft and drop 3 floors!
  2902 | D:7      | Noticed a sky beast
  2907 | D:7      | Killed a sky beast
  2908 | D:7      | Reached skill level 2 in Dodging
  2908 | D:7      | Reached skill level 6 in Stealth
  2908 | D:7      | Reached XP level 6. HP: 32/32 MP: 7/7
  2958 | D:6      | Reached skill level 3 in Fighting
  2958 | D:6      | Reached skill level 4 in Short Blades
  2963 | D:5      | Entered Level 5 of the Dungeon
  3123 | D:4      | Found Lom Muso's Book Shoppe.
  3395 | D:4      | Reached XP level 7. HP: 29/36 MP: 5/8
  3807 | D:5      | HP: 7/36 [iguana (7)]
  3811 | D:5      | HP: 2/36 [iguana (3)]
  4541 | D:6      | Reached skill level 5 in Short Blades
  4541 | D:6      | Reached skill level 3 in Dodging
  4652 | D:6      | Reached skill level 7 in Stealth
  4661 | D:6      | Identified the +2 scale mail of the Dwarven Hall {Slay+2}
  4690 | D:6      | You pick up a book of Winter and begin reading...
  4690 | D:6      | You add the spells Ozocubu's Armour, Metabolic Englaciation
                  | and Simulacrum to your library.
  4713 | D:6      | Gained mutation: You have razor-sharp teeth. [Vine Stalker
                  | growth]
  4713 | D:6      | Reached XP level 8. HP: 42/42 MP: 9/9
  4781 | D:6      | Reached skill level 4 in Fighting
  4908 | D:7      | Identified the +2 war axe "Loopy" {freeze, Contam rElec
                  | rC+}
  4927 | D:7      | Reached skill level 6 in Short Blades
  4937 | D:7      | Found Ovuidduv's Antique Armour Shoppe.
  5173 | D:7      | You pick up a book of the Spheres and begin reading...
  5173 | D:7      | You add the spells Iskenderun's Battlesphere, Fireball,
                  | Conjure Ball Lightning and Orb of Destruction to your
                  | library.
  5475 | D:7      | Found a staircase to the Ecumenical Temple.
  5480 | Temple   | Entered the Ecumenical Temple
  5590 | Temple   | Became a worshipper of Uskayaw the Reveller
  5836 | D:7      | Reached * piety under Uskayaw
  5837 | D:7      | Reached skill level 4 in Dodging
  5913 | D:7      | Reached ** piety under Uskayaw
  6057 | D:8      | Reached XP level 9. HP: 46/46 MP: 10/10
  6058 | D:8      | Reached *** piety under Uskayaw
  6059 | D:8      | Reached skill level 7 in Short Blades
  6059 | D:8      | Reached **** piety under Uskayaw
  6060 | D:8      | Reached skill level 5 in Fighting
  6065 | D:8      | Reached ***** piety under Uskayaw
  6090 | D:8      | Reached skill level 1 in Invocations
  6155 | D:8      | Reached skill level 1 in Armour
  6190 | D:8      | Reached skill level 2 in Invocations
  6577 | D:8      | Reached skill level 2 in Armour
  6635 | D:8      | Reached skill level 8 in Stealth
  6819 | D:8      | Found a burning altar of Makhleb.
  6954 | D:9      | Reached skill level 8 in Short Blades
  6975 | D:8      | Reached XP level 10. HP: 50/53 MP: 13/13
  6993 | D:8      | Reached skill level 5 in Dodging
  6994 | D:8      | Reached skill level 3 in Invocations
  7071 | D:9      | Identified the +8 great sword of Crusades {drain, rF++ rC-
                  | Str+10 Int-5}
  7082 | D:9      | Reached skill level 6 in Fighting
  7157 | D:9      | Identified the +7 ring mail "Ryschohusk" {rC+ Str+6 Int-3
                  | Dex+2}
  7215 | D:9      | Reached skill level 3 in Armour
  7799 | D:10     | Entered Level 10 of the Dungeon
  7801 | D:10     | Reached skill level 9 in Stealth
  7801 | D:10     | Reached skill level 4 in Invocations
  7809 | D:10     | Reached skill level 9 in Short Blades
  7865 | D:10     | Noticed a tengu warrior
  7887 | D:10     | Killed a tengu warrior
  7911 | D:10     | Noticed a two-headed ogre
  7969 | D:10     | Found a sacrificial altar of Ru.
  8149 | D:9      | Killed a two-headed ogre
  8150 | D:9      | Reached skill level 4 in Armour
  8150 | D:9      | Reached skill level 5 in Invocations
  8150 | D:9      | Reached XP level 11. HP: 43/56 MP: 6/15
  8316 | D:10     | Reached skill level 10 in Short Blades
  8316 | D:10     | Reached skill level 10 in Stealth
  8498 | D:10     | Found an ornate altar of the Wu Jian Council.
  8498 | D:10     | Found an iron altar of Okawaru.
  8505 | D:10     | Found a snail-covered altar of Cheibriados.
  8505 | D:10     | Found a radiant altar of Vehumet.
  8732 | D:10     | Found a blossoming altar of Fedhas.
  8782 | D:10     | Found a staircase to the Lair.
  8879 | D:11     | Noticed Harold
  8895 | D:11     | Killed Harold
  8896 | D:11     | Reached skill level 6 in Invocations
  8923 | D:11     | Noticed a two-headed ogre
  8925 | D:11     | Killed a two-headed ogre
  8963 | D:11     | Noticed a two-headed ogre
  8965 | D:11     | Noticed a cyan ugly thing
  8969 | D:11     | Killed a cyan ugly thing
  8977 | D:11     | Killed a two-headed ogre
  8978 | D:11     | Reached skill level 11 in Short Blades
  8978 | D:11     | Reached skill level 11 in Stealth
  9012 | D:11     | Paralysed by a centaur for 5 turns
  9130 | D:11     | Identified the +9 long sword "Killer Klown's Foe" {flame,
                  | Drain rF+ rN+ Will+++}
  9313 | D:11     | Noticed a cyclops
  9319 | D:11     | Reached XP level 12. HP: 48/61 MP: 14/18
  9320 | D:11     | Reached skill level 7 in Invocations
  9602 | D:12     | Found a staircase to the Orcish Mines.
  9675 | D:12     | You pick up a book of Geomancy and begin reading...
  9675 | D:12     | You add the spells Sandblast, Passwall and Stone Arrow to
                  | your library.
  9997 | D:12     | Noticed a catoblepas
 10012 | D:12     | Killed a catoblepas
 10013 | D:12     | Reached skill level 12 in Stealth
 10072 | D:12     | Reached skill level 12 in Short Blades
 10185 | D:12     | Reached skill level 8 in Invocations
 10193 | D:12     | Reached ****** piety under Uskayaw
 10231 | D:12     | Found a portal to a secret trove of treasure.
 10281 | D:12     | This trove needs 5 potions of resistance to function. Give
                  | it the items?
 10438 | D:13     | Noticed a two-headed ogre
 10438 | D:13     | Found a gate leading to a gauntlet.
 10525 | D:13     | Noticed a two-headed ogre
 10528 | D:13     | Killed a two-headed ogre
 10543 | D:13     | Found Soinuy's Armour Shop.
 10545 | D:13     | Killed a two-headed ogre
 10552 | D:13     | Bought the +0 mask of the Dragon {Will+ Slay+3 SInv} for
                  | 501 gold pieces
 10552 | D:13     | Found the +0 mask of the Dragon {Will+ Slay+3 SInv}
 10592 | Gauntlet | Entered a Gauntlet
 10592 | Gauntlet | Found a transporter.
 10599 | Gauntlet | Noticed a ghost crab
 10601 | Gauntlet | Found a transporter.
 10603 | Gauntlet | Found a runed translucent door.
 10618 | Gauntlet | Found a transporter.
 10622 | Gauntlet | Found a transporter.
 10628 | Gauntlet | Noticed a thrashing horror
 10640 | Gauntlet | Noticed a thrashing horror
 10643 | Gauntlet | Found a transporter.
 10656 | Gauntlet | Found a transporter.
 10670 | Gauntlet | Found a transporter.
 10695 | Gauntlet | Noticed an entropy weaver
 10699 | Gauntlet | Found a transporter.
 10699 | Gauntlet | Found a transporter.
 10704 | Gauntlet | Found a transporter.
 10737 | Gauntlet | Found a transporter.
 10737 | Gauntlet | Found a transporter.
 10767 | Gauntlet | Found a runed translucent door.
 10873 | Gauntlet | Killed an entropy weaver
 10900 | Gauntlet | You pick up a book of Debilitation and begin reading...
 10900 | Gauntlet | You add the spells Slow, Vampiric Draining and Confusing
                  | Touch to your library.
 10937 | Gauntlet | Identified the +7 trident "Ofid" {antimagic, rPois}
 10960 | Gauntlet | Noticed a minotaur
 10972 | Gauntlet | Killed a minotaur
 10986 | Gauntlet | You add the spells Sting, Statue Form and Eringya's Noxious
                  | Bog to your library.
 10986 | Gauntlet | Got Sif Muna's Tome of Moulding
 10988 | Gauntlet | Identified the +4 robe "Bastrener" {rF+ Str+3 Int-2 Dex+8
                  | Stlth+}
 10989 | Gauntlet | You pick up a book of Misfortune and begin reading...
 10989 | Gauntlet | You add the spells Yara's Violent Unravelling and Enfeeble
                  | to your library.
 11050 | D:13     | Noticed Lodul
 11084 | D:13     | Killed Lodul
 11085 | D:13     | Reached skill level 7 in Fighting
 11085 | D:13     | Reached skill level 6 in Dodging
 11238 | D:13     | Reached skill level 13 in Stealth
 11238 | D:13     | Reached skill level 9 in Invocations
 11238 | D:13     | Reached XP level 13. HP: 64/67 MP: 20/20
 11274 | D:13     | Noticed Urug
 11274 | D:13     | Noticed Snorg
 11300 | D:13     | Killed Snorg
 11318 | D:13     | Killed Urug
 11670 | D:14     | Found a runed translucent gate.
 11902 | D:14     | Found a gate to the Vaults.
 11902 | D:14     | Noticed a vault guard
 11902 | D:14     | Noticed a vault guard
 11902 | D:14     | Noticed a vault guard
 11909 | D:14     | Noticed a vault guard
 11976 | D:14     | Killed a vault guard
 12022 | D:14     | Reached skill level 8 in Fighting
 12051 | D:14     | Reached skill level 7 in Dodging
 12051 | D:14     | Reached skill level 14 in Stealth
 12058 | D:14     | Reached skill level 10 in Invocations
 12061 | D:14     | Killed a vault guard
 12559 | D:14     | Killed a vault guard
 12603 | D:14     | Found a runed translucent gate.
 12603 | D:14     | Found a runed translucent gate.
 12608 | D:14     | Noticed Nozufem's ghost (journeyman MiAr)
 12626 | D:15     | Entered Level 15 of the Dungeon
 12650 | D:15     | Reached XP level 14. HP: 71/74 MP: 22/22
 12911 | D:15     | Reached skill level 9 in Fighting
 12935 | D:15     | Reached skill level 8 in Dodging
 13064 | D:15     | Found a shadowy altar of Dithmenos.
 13099 | D:15     | Reached skill level 11 in Invocations
 13534 | D:15     | Found a staircase to the Depths.
 13542 | D:15     | Reached skill level 10 in Fighting
 13897 | Lair:1   | Entered Level 1 of the Lair of Beasts
 14062 | Lair:1   | You add the spells Poisonous Vapours and Olgreb's Toxic
                  | Radiance to your library.
 14228 | Lair:1   | Reached skill level 12 in Invocations
 15069 | Lair:2   | Found a hole to the Spider Nest.
 15069 | Lair:2   | Noticed Prince Ribbit
 15104 | Lair:2   | Killed Prince Ribbit
 15420 | Lair:2   | Found a staircase to the Shoals.
 15638 | Lair:3   | Noticed Gastronok
 15683 | Lair:3   | Killed Gastronok
 15684 | Lair:3   | Reached skill level 11 in Fighting
 15888 | Lair:3   | Reached skill level 13 in Invocations
 15898 | Lair:3   | Reached XP level 15. HP: 83/83 MP: 25/25
 16630 | Lair:4   | Found a staircase to the Slime Pits.
 16869 | Lair:4   | Reached skill level 12 in Fighting
 17086 | Lair:5   | Entered Level 5 of the Lair of Beasts
 17143 | Lair:5   | Reached skill level 14 in Invocations
 17334 | Lair:5   | Reached skill level 13 in Fighting
 17568 | Lair:5   | Found the +3 Mad Mage's Maulers {Infuse+∞ RegenMP Int-3}
 17587 | Lair:5   | Reached skill level 1 in Shields
 18013 | Lair:5   | Reached skill level 2 in Shields
 18458 | Lair:5   | Found a runed translucent door.
 18664 | Lair:5   | Reached XP level 16. HP: 57/91 MP: 0/27
 19203 | Lair:5   | Identified the +1 ring mail of Xagaa {rPois rC++ Int+3
                  | Dex-5}
 19408 | Orc:1    | Entered Level 1 of the Orcish Mines
 19524 | Orc:1    | Reached skill level 3 in Shields
 19533 | Orc:1    | Found a transporter.
 19533 | Orc:1    | Identified a +2 robe of the Archmagi
 19692 | Orc:2    | Entered Level 2 of the Orcish Mines
 19744 | Orc:2    | Reached skill level 5 in Armour
 20449 | Orc:2    | Found a staircase to the Elven Halls.
 20555 | Orc:2    | Reached skill level 15 in Stealth
 20577 | Orc:2    | HP: 19/89 [orc warlord/+5 halberd of flaming (17)]
 20579 | Orc:2    | Slain by an orc warlord

Vanquished Creatures
  Gastronok (Lair:3)
  An orc warlord (Orc:2)
  A minotaur (Gauntlet)
  An entropy weaver (Gauntlet)
  A dire elephant (Lair:5)
  Snorg (D:13)
  6 hydras
  2 boulder beetles
  Harold (D:11)
  3 vault guards (D:14)
  A death knight (D:15)
  An ice dragon (Lair:5)
  3 catoblepae
  4 centaur warriors
  4 tengu warriors
  3 death yaks
  8 two-headed ogres
  Urug (D:13)
  A skeletal warrior (D:14)
  Lodul (D:13)
  6 lindwurms
  An orc knight (Orc:2)
  2 wizards (D:15)
  2 wolf spider zombies (D:15)
  13 ugly things
  2 deep elf pyromancers
  A necromancer (D:15)
  An oklob plant (Lair:4)
  4 orc sorcerers
  5 manticores
  7 cyclopes
  11 elephants
  2 naga magi (D:15)
  10 black mambas
  15 cane toads
  7 torpor snails (Lair:5)
  6 komodo dragons
  3 unseen horrors
  2 freezing wraiths (D:15)
  A kobold demonologist (D:14)
  4 rime drakes
  3 tengu conjurers
  2 guardian mummies (D:12)
  2 efreet
  A troll (shapeshifter) (D:14)
  8 trolls
  A burning bush (Lair:3)
  3 tyrant leeches (Lair:5)
  2 polar bears
  7 hornets (Lair:5)
  Prince Ribbit (Lair:2)
  A wolf spider simulacrum (D:14)
  A meliai (Lair:2)
  30 blink frogs
  8 slime creatures
  9 dream sheep
  A meliai zombie (D:15)
  35 yaks
  A vampire (D:11)
  A jumping spider (Gauntlet)
  5 shadows
  9 basilisks
  5 wraiths
  5 wyverns
  2 steam dragons
  5 vampire mosquitoes
  A warg (Orc:2)
  A redback simulacrum (D:15)
  An acid dragon (D:10)
  18 water moccasins
  3 black bears
  23 orc warriors
  A sky beast (D:7)
  6 wolves (Lair:5)
  20 ogres
  11 centaurs
  2 phantoms (D:6)
  3 kobold brigands
  14 bullfrogs
  2 gnoll sergeants (D:10)
  A necrophage (D:6)
  8 wights
  23 killer bees
  5 howler monkeys
  4 hounds
  2 jellies
  14 orc priests
  4 iguanas
  20 orc wizards
  10 gnolls
  5 adders
  3 shadow imps
  3 white imps
  2 ufetubi
  2 worms (D:3)
  3 dart slugs
  65 orcs
  9 ball pythons
  7 endoplasms
  4 giant cockroaches
  5 goblins
  A hobgoblin (D:2)
  4 jackals (D:2)
  3 quokkas
  7 bats
  5 frilled lizards
  18 kobolds
  11 rats
  A plant (Lair:5)
653 creatures vanquished.

Vanquished Creatures (others)
  An orc wizard (Orc:2)
  2 fungi
  15 plants
18 creatures vanquished.

Grand Total: 671 creatures vanquished

Table legend:
 A = Non-vault XP
 B = Vault XP
 C = Vault XP percentage of total XP
 D = Non-vault monster count
 E = Vault monster count
 F = Vault count percentage of total count
                 A         B        C        D         E       F
            +---------+---------+-------+---------+---------+-------
      Total |   91982 |   52438 |  36.3 |     449 |     203 |  31.1
            +---------+---------+-------+---------+---------+-------
        D:1 |      20 |       0 |   0.0 |      12 |       0 |   0.0
        D:2 |      33 |       8 |  19.5 |      19 |       8 |  29.6
        D:3 |      93 |       0 |   0.0 |      22 |       0 |   0.0
        D:4 |     218 |       0 |   0.0 |      10 |       0 |   0.0
        D:5 |     285 |       0 |   0.0 |      11 |       0 |   0.0
        D:6 |     780 |       0 |   0.0 |      17 |       0 |   0.0
        D:7 |     670 |     203 |  23.3 |      12 |       2 |  14.3
        D:8 |    2480 |       0 |   0.0 |      38 |       0 |   0.0
        D:9 |    3016 |       0 |   0.0 |      20 |       0 |   0.0
       D:10 |    3648 |    1036 |  22.1 |      43 |       4 |   8.5
       D:11 |    6235 |    1332 |  17.6 |      24 |       7 |  22.6
       D:12 |    4627 |     663 |  12.5 |      14 |       2 |  12.5
       D:13 |    7387 |    3916 |  34.6 |      13 |      14 |  51.9
       D:14 |    8741 |    5385 |  38.1 |      19 |       9 |  32.1
       D:15 |    9419 |    4650 |  33.1 |      19 |      10 |  34.5
     Lair:1 |    4727 |       0 |   0.0 |      21 |       0 |   0.0
     Lair:2 |    4108 |    1785 |  30.3 |      14 |       9 |  39.1
     Lair:3 |    8451 |    3633 |  30.1 |      28 |       6 |  17.6
     Lair:4 |    7368 |     839 |  10.2 |      24 |       6 |  20.0
     Lair:5 |   18497 |   15849 |  46.1 |      54 |      36 |  40.0
      Orc:1 |    1179 |       0 |   0.0 |      15 |       0 |   0.0
      Orc:2 |       0 |   10248 | 100.0 |       0 |      84 | 100.0
   Gauntlet |       0 |    2891 | 100.0 |       0 |       6 | 100.0
            +---------+---------+-------+---------+---------+-------

Illustrated notes

Table legend:
 A = Kills in this place as a percentage of kills in entire the game.
 B = Kills by you in this place as a percentage of kills by you in the entire game.
 C = Kills by friends in this place as a percentage of kills by friends in the entire game.
 D = Other kills in this place as a percentage of other kills in the entire game.
 E = Experience gained in this place as a percentage of experience gained in the entire game.
 F = Experience gained in this place divided by the number of levels of this place that you have seen.
                   A       B       C       D       E      F
               +-------+-------+-------+-------+-------+----------------------
         Total | 100.0 | 100.0 |   N/A |   N/A | 100.0 | 6017.5
       Dungeon |  53.5 |  53.5 |   N/A |   N/A |  44.9 | 4323.0
          Lair |  30.4 |  30.4 |   N/A |   N/A |  45.2 | 13051.4
  Orcish Mines |  15.2 |  15.2 |   N/A |   N/A |   7.9 | 5713.5
      Gauntlet |   0.9 |   0.9 |   N/A |   N/A |   2.0 | 2891.0
               +-------+-------+-------+-------+-------+----------------------

Table legend: (Time is in decaauts)
 A = Elapsed time spent in this place.
 B = Non-inter-level travel time spent in this place.
 C = Inter-level travel time spent in this place.
 D = Time resting spent in this place.
 E = Time spent auto-exploring this place.
 F = Levels seen in this place.
 G = Mean time per level.
                   A        B        C        D        E       F      G
               +--------+--------+--------+--------+--------+-----+--------+
         Total |  19905 |  18576 |   1329 |    384 |  13659 |  24 |  829.4 |
       Dungeon |  13020 |  12336 |    684 |    299 |   9088 |  15 |  868.0 |
        Temple |    125 |    111 |     14 |      0 |     42 |   1 |  125.0 |
          Lair |   5275 |   4659 |    616 |     83 |   3580 |   5 | 1055.0 |
  Orcish Mines |   1088 |   1074 |     14 |      2 |    775 |   2 |  544.0 |
      Gauntlet |    394 |    394 |      0 |      0 |    174 |   1 |  394.0 |
               +--------+--------+--------+--------+--------+-----+--------+

Top non-repeatable levels by time:
  Lair:5: 1931 daAuts
    D:15: 1108 daAuts
    D:14: 1062 daAuts
     D:8: 1019 daAuts
     D:7: 961 daAuts
    D:12: 927 daAuts
     D:9: 897 daAuts
  Lair:2: 897 daAuts
    D:10: 895 daAuts
     D:4: 875 daAuts
  Lair:1: 868 daAuts
     D:1: 851 daAuts
     D:3: 839 daAuts
     D:2: 838 daAuts
   Orc:2: 815 daAuts
